 Dungeon Crawl Stone Soup version 0.25-b1-46-gb8a1ec05df (webtiles) character file.

Game seed: 15083420008869821953

(classic levelgen) 343692 EnegeticOcto the Fencer (level 21, -6/133 HPs)
             Began as a Deep Elf Chaos Knight on June 9, 2020.
             Was a Favourite Plaything of Xom.
             Killed from afar by a deep elf sorcerer (25 damage)
             ... with a bolt of acid
             ... on level 3 of the Elven Halls.
             The game lasted 02:49:50 (74509 turns).

EnegeticOcto the Fencer (Deep Elf Chaos Knight)    Turns: 74509, Time: 02:49:51

Health: -6/133     AC: 27    Str: 19    XL:     21   Next: 13%
Magic:  0/46       EV: 19    Int: 21    God:    Xom [....*.]
Gold:   780        SH:  4    Dex: 20    Spells: 6/40 levels left

rFire    + . .     SeeInvis +   U - +11 plutonium sword {*Contam Stlth-}
rCold    + . .     Gourm    .   (shield currently unavailable)
rNeg     + . .     Faith    .   W - +6 fire dragon scales
rPois    +         Spirit   +   F - +0 helmet "Qehoo" {rElec rN+ Dex+4}
rElec    +         Reflect  .   A - +2 cloak
rCorr    .         Harm     .   r - +2 pair of gloves {Str+3}
MR       ++++.     Rnd*Tele +   C - +0 pair of boots of Vouxim {+Fly rElec rC+ Slay+3}
Stlth    ..........             w - amulet of guardian spirit
HPRegen  0.32/turn              Q - ring of ice
MPRegen  0.30/turn              G - ring of magical power {=R}

@: about to teleport, cleaving, lightly drained
A: large bone plates 1, see invisible, agile 1, magic resistance 2, poison
resistance, teleportitis 1
}: 2/15 runes: barnacled, gossamer
a: Renounce Religion, Evoke Flight


You were on level 3 of the Elven Halls.
You worshipped Xom.
You were a beloved toy of Xom.
You were not hungry.

You visited 7 branches of the dungeon, and saw 38 of its levels.
You also visited: Ice Cave.

You collected 4230 gold pieces.
You spent 3450 gold pieces at shops.

Inventory:

Hand Weapons
 K - a +5 dagger of distortion
 U - the +11 plutonium sword (weapon) {*Contam Stlth-}
   (You took it off a centaur on level 9 of the Dungeon)

   It causes magical contamination when unequipped.
   It makes you less stealthy.
Missiles
 h - 1177 arrows
 t - 11 throwing nets {!f}
 E - 2 curare-tipped darts (quivered)
Armour
 r - a +2 pair of gloves of strength (worn)
 A - a +2 cloak (worn)
 C - the +0 pair of boots of Vouxim (worn) {+Fly rElec rC+ Slay+3}
   (You found it on level 4 of the Shoals)

   It affects your accuracy and damage with ranged weapons and melee attacks
   (+3).
   It protects you from cold.
   It insulates you from electricity.
   It lets you fly.
 F - the +0 helmet "Qehoo" (worn) {rElec rN+ Dex+4}
   (You bought it in a shop on level 4 of the Vaults)

   It affects your dexterity (+4).
   It insulates you from electricity.
   It protects you from negative energy.
 W - +6 fire dragon scales (worn)
Jewellery
 w - an amulet of guardian spirit (around neck)
 B - an uncursed ring of resist corrosion
 G - a ring of magical power (right hand) {=R}
 I - an uncursed ring of flight
 L - an uncursed ring of poison resistance
 N - an uncursed ring of wizardry
 Q - a ring of ice (left hand)
Wands
 n - a wand of flame (32) {@v4}
 s - a wand of digging (21) {@v3}
 v - a wand of iceblast (18) {@v2}
 x - a wand of disintegration (17)
 y - a wand of enslavement (7)
 H - a wand of polymorph (34)
 J - a wand of acid (14) {@v1}
Scrolls
 f - 4 scrolls of blinking {@r4}
 g - a scroll of identify {@r1}
 m - 4 scrolls of fear {!r}
 o - 5 scrolls of teleportation {@r3 !r}
 D - a scroll of fog {!r}
 O - 3 scrolls of silence
 P - 9 scrolls of magic mapping {@r5 !r}
 T - 9 scrolls of remove curse {@r2}
 V - 2 scrolls of vulnerability
 X - a scroll of immolation
 Z - a scroll of enchant armour
Potions
 a - 4 potions of might {@q3 !q}
 c - 6 potions of stabbing {@q5 !q}
 d - 3 potions of ambrosia
 i - 2 potions of magic
 k - 4 potions of haste {@q4 !q}
 l - 10 potions of lignification {@q6}
 z - 3 potions of cancellation
 M - 3 potions of resistance
 R - 6 potions of brilliance
 S - 2 potions of berserk rage
 Y - a potion of curing {@q1 !q}
Miscellaneous
 b - a tin of tremorstones (3/3)
 j - 2 boxes of beasts
 p - a lightning rod (4/4)
 u - a phial of floods
Comestibles
 e - 48 rations
 q - 9 chunks of flesh


   Skills:
 + Level 14.9(14.6) Fighting
 + Level 20.0(19.7) Long Blades
   Level 7.1(6.9) Bows
 + Level 9.6(9.4) Armour
 - Level 14.0(13.7) Dodging
 - Level 4.0(3.7) Stealth
 - Level 10.0(9.7) Spellcasting
 - Level 14.0(13.7) Hexes
 - Level 10.0(9.7) Summonings
 - Level 8.0(7.7) Air Magic
 - Level 8.6(8.3) Earth Magic
 - Level 8.0(7.7) Evocations


You had 6 spell levels left.
You knew the following spells:

 Your Spells              Type           Power        Failure   Level  Hunger
a - Slow                  Hex            ######..     1%          2    None
b - Cause Fear            Hex            ######....   1%          4    ##.....
c - Leda's Liquefaction   Hex/Erth       ######....   2%          4    ##.....
d - Corona                Hex            ######.      1%          1    None
e - Summon Mana Viper     Hex/Summ       ######..     4%          5    ####...
f - Silence               Hex/Air        ######....   7%          5    ####...
g - Summon Lightning Spi  Summ/Air       #####...     5%          4    ##.....
h - Irradiate             Conj/Tmut      ##........   99%         5    ####...
i - Spectral Weapon       Hex/Chrm       #####...     3%          3    None
O - Summon Butterflies    Summ           ######..     1%          1    None

Your spell library contained the following spells:

 Spells                   Type           Power        Failure   Level  Hunger
 Summon Small Mammal      Summ           ####         1%          1    None
 Call Imp                 Summ           ######..     1%          2    None
 Ensorcelled Hibernation  Hex/Ice        ######       1%          2    None
 Call Canine Familiar     Summ           ######..     1%          3    None
 Confusing Touch          Hex            ######..     1%          3    None
 Summon Guardian Golem    Hex/Summ       ######..     1%          3    None
 Tukima's Dance           Hex            ######..     1%          3    None
 Dazzling Flash           Conj/Hex       #####.       3%          3    None
 Inner Flame              Hex/Fire       #####...     3%          3    None
 Portal Projectile        Hex/Tloc       #####.       3%          3    None
 Poisonous Vapours        Pois/Air       ####..       6%          2    None
 Static Discharge         Conj/Air       ####....     13%         3    None
 Animate Skeleton         Necr           N/A          21%         1    None
 Infusion                 Chrm           ##..         21%         1    None
 Pain                     Necr           ##..         21%         1    None
 Sting                    Tmut/Pois      ##..         21%         1    None
 Mephitic Cloud           Conj/Pois/Air  ###.....     22%         3    None
 Summon Ice Beast         Ice/Summ       #####...     28%         4    ##.....
 Shroud of Golubria       Chrm/Tloc      ##....       30%         2    None
 Song of Slaying          Chrm           ##......     30%         2    None
 Sublimation of Blood     Necr           ##........   30%         2    None
 Petrify                  Tmut/Erth      ####....     36%         4    ##.....
 Ignite Poison            Fire/Tmut/Pois ##......     52%         3    None
 Ozocubu's Armour         Chrm/Ice       ###.....     52%         3    None
 Vampiric Draining        Necr           ##........   52%         3    None
 Lightning Bolt           Conj/Air       ####......   75%         5    ####...
 Bolt of Magma            Conj/Fire/Erth ###.......   88%         5    ####...
 Animate Dead             Necr           N/A          90%         4    ##.....
 Olgreb's Toxic Radiance  Pois           ##......     90%         4    ##.....
 Agony                    Necr           ##......     99%         5    ####...
 Alistair's Intoxication  Tmut/Pois      ##......     99%         5    ####...
 Iron Shot                Conj/Erth      ####......   99%         6    ######.
 Statue Form              Tmut/Erth      ####.....    99%         6    ######.
 Conjure Ball Lightning   Conj/Air       ####......   100%        6    ######.
 Eringya's Noxious Bog    Tmut/Pois      ##........   100%        6    ######.
 Summon Hydra             Summ           ######....   97%         7    #######
 Ignition                 Fire           ##........   100%        8    #######
 Shatter                  Erth           #####.....   100%        9    #######
 Tornado                  Air            #####.....   100%        9    #######


Dungeon Overview and Level Annotations

Branches:
Dungeon (15/15)            Temple (0/1) D:5            Lair (6/6) D:11
 Shoals (4/4) Lair:4       Spider (4/4) Lair:4        Slime (0/5) Lair:5
    Orc (2/2) D:9             Elf (3/3) Orc:2        Vaults (4/5) D:14
  Crypt (0/3) Vaults:2     Depths (0/5) D:15          IceCv (visited)

Altars:
Dithmenos
Fedhas
Hepliaklqana
Kikubaaqudgha
Nemelex Xobeh
Okawaru
Qazlal
Trog
Uskayaw
Wu Jian
Xom
Yredelemnul
Zin

Shops:
D:5 }   D:10 ?   D:13 (   Orc:2 ?}*%   Shoals:3 (   Vaults:1 (   Vaults:3 !
Vaults:4 [

Portals:
Trove: Elf:1 (give 19 potions of curing)

Annotations:
D:15 Roxanne
Elf:2 exclusion: 5 doors
Elf:3 1 exclusion


Innate Abilities, Weirdness & Mutations

You are partially covered in large bone plates. (SH +4)
You have supernaturally acute eyesight. (SInv)
You are agile. (Dex +2)
You are highly resistant to hostile enchantments. (MR++)
Your system is resistant to poisons. (rPois)
You are occasionally teleported next to monsters.


Message History

You hit the deep elf elementalist.
The deep elf elementalist is moderately wounded.
You completely miss the deep elf annihilator.
You slice the deep elf blademaster!!
The deep elf blademaster closely misses you. x2
The deep elf elementalist barely misses you.
You riposte.
You slice the deep elf elementalist!!
The deep elf elementalist is almost dead.
You slash the deep elf annihilator!
Your fire dragon scales prevents you from hitting the deep elf blademaster.
The deep elf master archer shoots an arrow.
The arrow hits you!!
The deep elf annihilator closely misses you.
The deep elf blademaster hits you with a +0 short sword!
The deep elf blademaster completely misses you.
The deep elf master archer shoots an arrow.
The arrow completely misses you.
The arrow hits the deep elf blademaster!!
You chop the deep elf elementalist into pieces!!!
You kill the deep elf elementalist!
You slash the deep elf high priest!
Mutagenic energy flows through the plutonium sword!
The deep elf high priest twitches.
The deep elf high priest twists and deforms.
You slice the deep elf annihilator!! You hit the deep elf blademaster.
The deep elf blademaster hits you with a +0 short sword.
The deep elf blademaster hits you but does no damage.
The deep elf annihilator gestures at you while chanting.
The bolt of lightning misses you. The bolt of lightning hits you! You resist.
You block the deep elf high priest's attack.
You completely miss the deep elf blademaster.
The deep elf blademaster is almost dead.
You slash the deep elf high priest! You slash the deep elf annihilator!
Your surroundings suddenly seem different.
A deep elf demonologist comes into view.
It is wielding a +0 long sword.
The deep elf demonologist shouts!
A deep elf mage comes into view.
It is wielding a +2 short sword of freezing.
The deep elf mage shouts!
You hear a shout! x3
An orc warrior comes into view. It is wielding a +0 hand axe.
An orc comes into view. It is wielding a +0 whip.
A deep elf high priest comes into view.
It is wielding a +0 vorpal great mace and wearing the amulet of the Howling Fool {RegenMP Dex+8 Slay+6 Stlth-}.
The deep elf high priest invokes the aid of its god against you.
Something smites you!
* * * LOW HITPOINT WARNING * * *
An orc warrior comes into view. It is wielding a +0 mace.
A deep elf master archer comes into view.
A deep elf annihilator comes into view. It is wielding a +0 short sword.
A deep elf annihilator comes into view. It is wielding a +0 dagger.
The deep elf annihilator points at you and mumbles some strange words.
The bolt of lightning misses you. x2
A deep elf blademaster comes into view. It is wielding two +0 short swords.
An orc comes into view. It is wielding a +0 hand axe.
A deep elf mage comes into view. It is wielding a +0 long sword.
The deep elf demonologist casts a spell.
The deep elf mage gestures wildly while chanting.
The deep elf mage blinks!
A deep elf elementalist comes into view.
It is wielding a +0 long sword.
The deep elf mage moves out of view.
You hear a shout!
Okay, then.
Okay, then.
Really read
D - 2 scrolls of fog {!r}?
As you read the scroll of fog {!r}, it crumbles to dust.
The scroll dissolves into smoke.
The deep elf high priest says, "You will make a fine sacrifice."
The deep elf high priest mumbles some strange prayers to its god against you.
Something smites you!
* * * LOW HITPOINT WARNING * * *
The deep elf annihilator is empowered by something's aura!
The deep elf annihilator mumbles some strange words.
The deep elf annihilator blinks!
The deep elf annihilator casts a spell at you.
The poison arrow hits you!!
You are poisoned.
You partially resist.
* * * LOW HITPOINT WARNING * * *
The deep elf demonologist gestures wildly while chanting.
You hear a shout! x3
Okay, then.
You don't have any unidentified items.
Okay, then.
Really quaff
Y - 2 potions of curing {@q1 !q}?
You feel better.
The deep elf high priest unwields a +0 vorpal great mace.
The deep elf high priest wields a +0 shortbow.
The deep elf high priest shoots an arrow.
The arrow hits you but does no damage.
A deep elf sorcerer comes into view. It is wielding a +0 long sword.
The deep elf annihilator mumbles some strange words.
The deep elf annihilator blinks!
The deep elf mage gestures at you while chanting.
The shard of ice hits you but does no damage.
The orc warrior closely misses you.
Really read
o - 6 scrolls of teleportation {@r3 !r}?
As you read the scroll of teleportation {@r3 !r}, it crumbles to dust.
You feel strangely unstable.
The deep elf sorcerer points at you and mumbles some strange words.
The bolt of acid hits you!!
You die...
Xom giggles madly!

..e.## #.(.. #.# .....##
#.e... #.#
......###e..... #.#
........e....e. #.)
#......e......# ###
#.....e.......# ###.
#....ee.......# #...
###.........#######e#
#... #e#######'#..§@§e.#
#... ..e #....§§eoe..#
#... ....
#....1eeoo....# #... ..
#.ee4.........'# #.#.
..4.e.o.e.e....## #...
......###.4.....######..
.....# #.o....##......
.e.§# #..§..######..
#§§...# #..


You could see a Tzitzimitl (summoned), a deep elf blademaster, a deep elf
annihilator (empowered), a deep elf sorcerer (fast, empowered), a deep elf high
priest, a deep elf mage, an orc warrior and 2 orcs.

Vanquished Creatures
  Nikola (Spider:3)
  Rupert (D:14)
  A lich (Vaults:4)
  A kraken (Shoals:4)
  Frances (Spider:1)
  Kirke (Lair:4)
  2 sphinxes
  Donald (Shoals:1)
  An azure jelly (Shoals:2)
  A fire giant (Vaults:3)
  5 deep elf sorcerers
  2 frost giants
  3 vault wardens
  5 ghost moths
  A ghoul (Vaults:2)
  Louise (Spider:3)
  6 emperor scorpions
  10 ironheart preservers
  A deep elf elementalist (Elf:3)
  3 very ugly things
  5 stone giants
  7 entropy weavers
  3 deep elf demonologists (Vaults:4)
  A deep elf annihilator (Elf:3)
  A spark wasp (Lair:4)
  8 merfolk javelineers
  2 ettins (Orc:2)
  3 deep elf death magi
  Snorg (Orc:2)
  8 merfolk impalers
  2 fire dragons
  2 deep elf high priests
  A great orb of eyes (Vaults:4)
  5 ogre magi
  13 yaktaur captains
  2 vault guards (Vaults:1)
  5 rakshasas
  2 ice dragons
  Fannar (D:8)
  5 hydras
  2 merfolk avatars
  3 merfolk aquamancers
  2 death knights
  2 anacondas
  4 alligator snapping turtles
  7 centaur warriors
  21 two-headed ogres
  Erica (D:9)
  2 satyrs
  A tengu warrior (D:13)
  A vampire mage (Vaults:2)
  10 dancing weapons
  15 death yaks
  A deep troll earth mage (Vaults:2)
  7 orc high priests
  A shock serpent (Shoals:2)
  10 deep elf knights
  A storm dragon skeleton (Vaults:2)
  3 shadow wraiths
  A fire crab (Lair:5)
  A skeletal warrior (D:15)
  13 sea snakes
  7 deep trolls (Vaults:2)
  A swamp dragon (shapeshifter) (Orc:2)
  14 deep elf archers
  4 unseen horrors
  3 wizards
  A death drake (Vaults:4)
  4 glowing orange brains
  9 ironbrand convokers
  3 flayed ghosts
  A tengu zombie (D:15)
  Pikel (D:7)
  4 swamp dragons
  11 harpies
  4 necromancers
  47 deep elf magi
  A phantasmal warrior (Vaults:4)
  20 orb spiders
  21 orc knights
  5 orc sorcerers
  A shining eye (Vaults:2)
  4 oklob plants (Lair:2)
  A salamander (Vaults:1)
  A frost giant zombie (D:15)
  A nameless horror (Elf:1)
  A stone giant zombie (D:15)
  12 cyclopes
  17 ugly things
  17 manticores
  7 merfolk sirens
  6 fauns
  25 wolf spiders
  An elephant (shapeshifter) (Elf:3)
  A moth of wrath (Spider:4)
  A moth of wrath (shapeshifter) (Spider:4)
  An elephant (Lair:2)
  2 guardian serpents
  Joseph (D:7)
  13 water nymphs
  21 spiny frogs
  6 torpor snails
  15 vault sentinels
  2 molten gargoyles (Lair:4)
  5 black mambas
  A human zombie (Vaults:2)
  28 yaktaurs
  A kobold demonologist (D:9)
  2 raiju (Lair:6)
  2 freezing wraiths
  4 komodo dragons
  10 demonic crawlers
  6 rime drakes
  An efreet (D:14)
  9 polar bears (Lair:6)
  A guardian mummy (D:15)
  5 wind drakes
  9 trolls
  2 queen bees
  31 jumping spiders
  32 merfolk
  2 meliai zombies
  An ettin zombie (D:15)
  2 blink frogs
  9 snapping turtles
  A frost giant simulacrum (Vaults:3)
  13 hornets
  23 slime creatures
  2 dream sheep (Lair:3)
  Prince Ribbit (D:8)
  14 hippogriffs
  8 water elementals
  83 redbacks
  6 wraiths
  A tarantella (shapeshifter) (D:14)
  2 air elementals (Elf:3)
  19 tarantellas
  A spriggan (Lair:2)
  A vampire (D:9)
  11 wyverns
  20 humans
  A shadow (D:11)
  61 yaks
  A fire elemental (Elf:1)
  A steam dragon (D:9)
  3 hungry ghosts
  5 basilisks
  2 hogs (Lair:4)
  9 vampire mosquitoes
  Edmund (D:5)
  2 acid dragons
  11 wargs
  23 water moccasins
  A swamp worm (Vaults:3)
  11 hell hounds (Lair:6)
  5 big kobolds
  A floating eye (Shoals:4)
  A hornet zombie (D:10)
  6 porcupines
  44 orc warriors
  4 ice beasts
  An eye of draining (D:13)
  An eye of draining (shapeshifter) (Vaults:2)
  3 phantoms
  4 sky beasts
  11 black bears
  12 boggarts
  28 wolves
  24 ogres
  19 crocodiles
  11 centaurs
  12 bullfrogs
  2 earth elementals
  A wyvern skeleton (D:6)
  4 scorpions
  A human simulacrum (Vaults:2)
  31 killer bees
  4 wights (D:10)
  4 electric eels (D:13)
  5 howler monkeys
  5 lava snakes (Lair:4)
  4 crimson imps
  2 quasits
  2 bullfrog zombies
  2 centaur zombies
  6 jellies
  7 hounds
  31 orc priests
  23 orc wizards
  A bullfrog skeleton (D:9)
  8 centaur skeletons
  4 iguanas
  2 hell rats
  7 worker ants
  A hound skeleton (D:11)
  Robin (D:2)
  A worker ant zombie (D:8)
  8 gnolls
  A howler monkey skeleton (D:7)
  10 adders
  A river rat (Lair:2)
  4 shadow imps
  12 white imps (Lair:2)
  An ooze (D:1)
  2 adder skeletons
  3 worms
  3 dart slugs
  5 leopard geckos
  84 orcs
  11 bats
  6 giant cockroaches
  10 goblins
  20 hobgoblins
  15 jackals
  6 quokkas
  4 frilled lizards
  A jackal skeleton (D:7)
  26 kobolds
  A leopard gecko skeleton (D:3)
  A quokka zombie (D:6)
  6 rats
  6 plants
  3 tentacles (Shoals:4)
  A toadstool (D:3)
1650 creatures vanquished.

Vanquished Creatures (collateral kills)
  A shadow dragon (Vaults:2)
  An ironheart preserver (Vaults:3)
  A yaktaur captain (Vaults:2)
  2 death yaks (Lair:6)
  A death knight (Vaults:2)
  A dancing weapon (Elf:2)
  2 deep trolls (Vaults:2)
  A sea snake (Shoals:3)
  2 harpies (Shoals:3)
  2 ugly things
  A faun (Shoals:3)
  A cyclops (D:6)
  3 manticores
  A water nymph (Shoals:4)
  A demonic crawler (Spider:4)
  A snapping turtle (Shoals:3)
  The ghost of iamserjio the Ruffian, an amateur VSIE (D:5)
  2 redbacks
  3 hell hounds (Lair:6)
  4 ice beasts (IceCv)
  An eye of draining (D:9)
  An ogre (Vaults:1)
  A bullfrog (D:6)
  A jelly (D:13)
  5 orcs
  A hobgoblin (D:2)
  A kobold (D:5)
43 creatures vanquished.

Vanquished Creatures (others)
  An ice dragon (Vaults:4)
  A dancing weapon (Vaults:1)
  An alligator (Lair:6)
  2 wolf spiders
  A troll (D:11)
  A yaktaur (Vaults:3)
  A jumping spider (Spider:1)
  A hound (D:9)
  A gnoll shaman (D:7)
  3 gnolls (D:7)
  A giant cockroach (D:7)
  A bush (Lair:5)
  17 fungi
  69 plants
  12 tentacles
  3 toadstools (D:3)
116 creatures vanquished.

Grand Total: 1809 creatures vanquished

Notes
Turn   | Place    | Note
-------+----------+-------------------------------------------
     0 | D:1      | EnegeticOcto the Deep Elf Chaos Knight began the quest for
                  | the Orb.
     0 | D:1      | Reached XP level 1. HP: 13/13 MP: 3/3
    29 | D:1      | Reached skill level 1 in Stealth
    81 | D:1      | XOM: silly message
   109 | D:1      | XOM: butterfly on damage
   110 | D:1      | Reached skill level 2 in Stealth
   110 | D:1      | Reached XP level 2. HP: 13/18 MP: 4/4
   173 | D:1      | XOM: cloud trail
   270 | D:1      | XOM: scenery: create altars
   272 | D:1      | Reached skill level 3 in Stealth
   310 | D:1      | XOM: 4-stop teleportation journey
   391 | D:1      | XOM: god gift: scroll labeled AVAICW VIMPU {god gift}
   871 | D:2      | Reached XP level 3. HP: 22/22 MP: 5/5
   927 | D:2      | Reached skill level 4 in Stealth
  1097 | D:2      | Noticed Robin
  1098 | D:2      | XOM: summons friendly iron imp
  1122 | D:2      | Killed Robin
  1139 | D:2      | Reached skill level 3 in Long Blades
  1162 | D:2      | XOM: god gift: 3 rations
  1221 | D:2      | XOM: polymorph iron imp -> crimson imp
  1310 | D:2      | XOM: god gift: lightning rod (4/4)
  1339 | D:2      | Reached XP level 4. HP: 20/27 MP: 6/6
  1903 | D:3      | XOM: 1-stop teleportation journey
  1910 | D:3      | Found a blossoming altar of Fedhas.
  1910 | D:3      | Found a hazy altar of Hepliaklqana.
  1910 | D:3      | Found an iron altar of Okawaru.
  1914 | D:3      | XOM: draining
  2129 | D:3      | Reached skill level 3 in Fighting
  2435 | D:3      | XOM: summons 2 hostile shadow creatures
  2489 | D:3      | Reached XP level 5. HP: 13/32 MP: 7/7
  2643 | D:3      | Reached skill level 4 in Long Blades
  3000 | D:3      | XOM is BORED!
  3000 | D:3      | XOM: summons 4 hostile shadow creatures
  3363 | D:3      | XOM: give mutations
  3363 | D:3      | Gained mutation: You are dopey. (Int -2) [Xom's mischief]
  3363 | D:3      | Gained mutation: You are partially covered in rugged brown
                  | scales. (AC +1, +3% HP) [Xom's mischief]
  3363 | D:3      | Gained mutation: Armour fits poorly on your strangely
                  | shaped body. [Xom's mischief]
  3363 | D:3      | Gained mutation: You have a pair of small horns on your
                  | head. [Xom's mischief]
  3691 | D:4      | XOM: give mutations
  3691 | D:4      | Lost mutation: You have a pair of small horns on your head.
                  | [Xom's mischief]
  3691 | D:4      | Lost mutation: You are dopey. (Int -2) [Xom's mischief]
  3691 | D:4      | Gained mutation: Scrolls take you a little longer to read.
                  | [Xom's mischief]
  3691 | D:4      | Gained mutation: You occasionally shout uncontrollably at
                  | your foes. [Xom's mischief]
  3715 | D:4      | XOM: 4-stop teleportation journey
  3759 | D:4      | XOM: confusion
  3760 | D:4      | XOM: confusion
  3912 | D:4      | XOM: noise
  3967 | D:4      | Reached skill level 1 in Evocations
  4062 | D:4      | XOM: summons 1 hostile demon
  4260 | D:4      | XOM: give mutations
  4260 | D:4      | Lost mutation: Armour fits poorly on your strangely shaped
                  | body. [Xom's mischief]
  4260 | D:4      | Gained mutation: You are weak. (Str -2) [Xom's mischief]
  4262 | D:4      | Reached XP level 6. HP: 34/38 MP: 7/9
  4312 | D:4      | XOM: silly message
  4462 | D:4      | XOM: cleaving
  4472 | D:4      | Reached skill level 3 in Dodging
  4472 | D:4      | Reached skill level 1 in Spellcasting
  4708 | D:5      | Entered Level 5 of the Dungeon
  4708 | D:5      | Found a staircase to the Ecumenical Temple.
  4738 | D:5      | XOM: swap monsters
  4834 | D:5      | XOM: give mutations
  4834 | D:5      | Gained mutation: Your magical capacity is low. (-10% MP)
                  | [Xom's mischief]
  4834 | D:5      | Gained mutation: You are clumsy. (Dex -2) [Xom's mischief]
  4834 | D:5      | Gained mutation: Your mind is acute. (Int +2) [Xom's
                  | mischief]
  5066 | D:5      | XOM: 1-stop teleportation journey
  5111 | D:5      | Found a runed translucent gate.
  5112 | D:5      | Noticed iamserjio's ghost (amateur VSIE)
  5246 | D:5      | Found a runed translucent gate.
  5246 | D:5      | Found a runed translucent gate.
  5277 | D:5      | Reached skill level 2 in Spellcasting
  5277 | D:5      | Reached skill level 2 in Evocations
  5442 | D:5      | XOM: summons 3 hostile demons
  5655 | D:5      | XOM: polymorph centaur -> jelly
  5661 | D:5      | Reached XP level 7. HP: 29/42 MP: 6/11
  5688 | D:5      | XOM: divination: detect creatures
  5868 | D:5      | Noticed Edmund
  5874 | D:5      | Killed Edmund
  6191 | D:5      | Found Liyguc's Gadget Shop.
  6275 | D:5      | Killed iamserjio's ghost
  6275 | D:5      | Reached skill level 5 in Long Blades
  6275 | D:5      | Reached skill level 1 in Bows
  6275 | D:5      | Reached skill level 4 in Dodging
  6275 | D:5      | Reached skill level 3 in Spellcasting
  6280 | D:5      | Reached skill level 3 in Evocations
  6387 | D:6      | Noticed a cyclops
  6403 | D:6      | XOM: cast spell 'Monstrous Menagerie'
  6410 | D:6      | Killed a cyclops
  6410 | D:6      | Reached skill level 4 in Fighting
  6410 | D:6      | Reached skill level 2 in Bows
  6410 | D:6      | Reached skill level 4 in Spellcasting
  6410 | D:6      | Reached XP level 8. HP: 22/49 MP: 5/14
  6644 | D:6      | XOM: 1-stop teleportation journey
  6908 | D:6      | Reached skill level 5 in Dodging
  6938 | D:6      | XOM: chaos upgrade
  6945 | D:6      | Reached skill level 3 in Bows
  6945 | D:6      | Reached skill level 4 in Evocations
  6952 | D:6      | XOM: smoke on damage
  7111 | D:6      | Reached skill level 5 in Spellcasting
  7184 | D:6      | XOM: give mutations
  7184 | D:6      | Gained mutation: You are mostly covered in rugged brown
                  | scales. (AC +2, +5% HP) [Xom's grace]
  7184 | D:6      | Gained mutation: You are robust. (+10% HP) [Xom's grace]
  7184 | D:6      | Gained mutation: You evolve. [Xom's grace]
  7184 | D:6      | Gained mutation: You passively map a small area around you.
                  | [Xom's grace]
  7258 | D:6      | Found an ornate altar of the Wu Jian Council.
  7557 | D:7      | Noticed Pikel
  7564 | D:7      | Killed Pikel
  7564 | D:7      | Reached skill level 5 in Fighting
  7564 | D:7      | Reached skill level 4 in Bows
  7564 | D:7      | Reached skill level 6 in Dodging
  7564 | D:7      | Reached skill level 6 in Spellcasting
  7564 | D:7      | Reached XP level 9. HP: 57/62 MP: 14/18
  7653 | D:7      | Lost mutation: You are clumsy. (Dex -2) [evolution]
  7749 | D:7      | XOM is BORED!
  7749 | D:7      | XOM: 2-stop teleportation journey
  7825 | D:7      | Noticed Joseph
  7870 | D:7      | XOM: 2-stop teleportation journey
  8173 | D:7      | XOM is BORED!
  8188 | D:7      | XOM: enchant monster (bad)
  8194 | D:7      | Killed Joseph
  8194 | D:7      | Reached skill level 5 in Bows
  8194 | D:7      | Reached skill level 7 in Dodging
  8381 | D:7      | Reached skill level 7 in Spellcasting
  8419 | D:7      | XOM: potion effect (haste)
  8554 | D:7      | Found a hide-covered altar of Uskayaw.
  8763 | D:7      | XOM: summons 5 hostile demons
  9189 | D:8      | XOM: noise
  9263 | D:8      | Noticed a two-headed ogre
  9288 | D:8      | Killed a two-headed ogre
  9288 | D:8      | Reached skill level 6 in Fighting
  9288 | D:8      | Reached skill level 6 in Bows
  9347 | D:8      | Noticed Prince Ribbit
  9349 | D:8      | XOM: 3-stop teleportation journey
  9353 | D:8      | Reached skill level 8 in Spellcasting
  9371 | D:8      | Reached skill level 8 in Dodging
  9655 | D:8      | XOM: stat loss: -1 Dex (13/14)
  9959 | D:8      | Reached XP level 10. HP: 61/69 MP: 18/22
 10074 | D:8      | Found a glowing silver altar of Zin.
 10133 | D:8      | Lost mutation: You are weak. (Str -2) [evolution]
 10241 | D:8      | XOM: confusion (+ monsters)
 10249 | D:8      | Killed Prince Ribbit
 10338 | D:8      | XOM: summons 6 hostile demons
 10339 | D:8      | Noticed a soul eater
 10339 | D:9      | Found a staircase to the Orcish Mines.
 10346 | D:9      | XOM: summons 6 hostile demons
 10347 | D:9      | Noticed a sixfirhy
 10410 | D:9      | Reached skill level 7 in Bows
 10424 | D:9      | Reached skill level 9 in Spellcasting
 10459 | D:9      | XOM: 2-stop teleportation journey
 10554 | D:9      | XOM: summons 1 hostile shadow creature
 10555 | D:9      | Noticed a red ugly thing
 10592 | D:10     | Entered Level 10 of the Dungeon
 10821 | D:9      | XOM: 2-stop teleportation journey
 10822 | D:9      | Noticed a manticore
 10834 | D:9      | Killed a manticore
 10872 | D:9      | XOM: confuse monster(s)
 10898 | D:9      | Learned a level 2 spell: Slow
 10903 | D:9      | Learned a level 4 spell: Cause Fear
 10908 | D:9      | Learned a level 4 spell: Leda's Liquefaction
 10934 | D:9      | Reached skill level 1 in Hexes
 10934 | D:9      | XOM: scenery: create altars
 10934 | D:9      | Reached skill level 6 in Long Blades
 10935 | D:9      | Reached skill level 2 in Hexes
 11157 | D:9      | XOM: enchant monster (good)
 11198 | D:9      | XOM: confuse monster(s)
 11201 | D:9      | XOM: summons friendly shadow imp
 11231 | D:9      | Gained mutation: You are very robust. (+20% HP) [evolution]
 11235 | D:9      | Noticed a two-headed ogre
 11272 | D:9      | XOM: divination: magic mapping
 11284 | D:9      | Reached skill level 10 in Spellcasting
 11284 | D:9      | Reached skill level 3 in Hexes
 11376 | D:9      | XOM: divination: detect items
 11391 | D:9      | XOM: fog
 11412 | D:9      | Reached skill level 7 in Long Blades
 11415 | D:9      | Reached skill level 4 in Hexes
 11705 | D:9      | Reached XP level 11. HP: 82/82 MP: 19/24
 11917 | D:9      | Killed a two-headed ogre
 11917 | D:9      | Reached skill level 7 in Fighting
 12068 | D:9      | XOM: scenery: 1 doors close
 12092 | D:9      | Found a basalt altar of Yredelemnul.
 12159 | D:9      | Reached skill level 5 in Hexes
 12162 | D:9      | Noticed a tengu warrior
 12168 | D:9      | XOM: potion effect (magic)
 12169 | D:9      | a tengu warrior changed into a tarantella
 12221 | D:9      | XOM: summons 6 hostile demons
 12357 | D:9      | XOM: potion effect (stabbing)
 12612 | D:9      | Reached skill level 8 in Long Blades
 13117 | D:10     | Noticed a two-headed ogre
 13130 | D:10     | Killed a two-headed ogre
 13255 | D:10     | Killed an unseen horror
 13255 | D:10     | Reached skill level 6 in Hexes
 13359 | D:10     | Learned a level 1 spell: Corona
 13366 | D:10     | XOM: cast spell 'Call Canine Familiar'
 13608 | D:10     | XOM: 4-stop teleportation journey
 13722 | D:10     | Found Luckyink's Magic Scroll Emporium.
 13744 | D:10     | Bought a scroll of teleportation for 48 gold pieces
 13744 | D:10     | Bought a scroll of magic mapping for 56 gold pieces
 13744 | D:10     | Bought a scroll of enchant armour for 120 gold pieces
 13744 | D:10     | Bought a scroll of identify for 32 gold pieces
 13744 | D:10     | Bought a scroll of identify for 32 gold pieces
 13744 | D:10     | Bought a scroll of identify for 32 gold pieces
 13760 | D:10     | XOM: polymorph centaur -> bullfrog
 13985 | D:10     | Noticed a two-headed ogre
 13988 | D:10     | XOM: enchant monster (good)
 13996 | D:10     | Killed a two-headed ogre
 14187 | D:11     | Reached skill level 9 in Long Blades
 14196 | D:11     | Noticed an unseen horror
 14200 | D:11     | Killed an unseen horror
 14200 | D:11     | Reached skill level 7 in Hexes
 14262 | D:11     | XOM: noise
 14294 | D:11     | Found a staircase to the Lair.
 14312 | D:11     | XOM: cast spell 'Olgreb's Toxic Radiance'
 14315 | D:11     | XOM: scenery: create altars
 14333 | D:11     | XOM: give mutations
 14333 | D:11     | Gained mutation: You are resistant to hostile enchantments.
                  | (MR+) [Xom's grace]
 14333 | D:11     | Gained mutation: You can translocate small distances at
                  | will. [Xom's grace]
 14333 | D:11     | Gained mutation: Your flesh is cold resistant. (rC+) [Xom's
                  | grace]
 14333 | D:11     | Gained mutation: You have a pair of small antennae on your
                  | head. [Xom's grace]
 14504 | D:11     | Reached skill level 8 in Fighting
 14540 | D:11     | XOM: enchant monster (good)
 14553 | D:11     | Noticed an unseen horror
 14555 | D:11     | XOM: fog
 14559 | D:11     | Killed an unseen horror
 14665 | D:11     | Noticed Maurice
 14666 | D:11     | Noticed Maurice
 14666 | D:11     | Maurice changed into Maurice the porcupine
 14670 | D:11     | Killed Maurice the porcupine
 14675 | D:11     | Noticed an unseen horror
 14679 | D:11     | Killed an unseen horror
 14679 | D:11     | Reached skill level 10 in Long Blades
 14679 | D:11     | Reached XP level 12. HP: 92/92 MP: 25/25
 14718 | D:11     | Noticed a two-headed ogre
 14724 | D:11     | XOM: scenery: create altars
 14727 | D:11     | Killed a two-headed ogre
 14819 | D:11     | XOM: confuse monster(s)
 14937 | D:11     | XOM: summons 3 hostile demons
 14990 | D:11     | Found a sparkling altar of Nemelex Xobeh.
 15275 | D:5      | Bought a wand of digging (9) for 364 gold pieces
 15384 | D:9      | XOM: summons 1 hostile demon
 15459 | Lair:1   | Entered Level 1 of the Lair of Beasts
 16031 | Lair:2   | Reached skill level 1 in Armour
 16086 | Lair:2   | XOM: summons 7 hostile demons
 16130 | Lair:2   | XOM: repel stairs
 16132 | Lair:2   | XOM: enchant monster (bad)
 16133 | Lair:2   | Reached skill level 1 in Earth Magic
 16167 | Lair:2   | Found a frozen archway.
 16216 | IceCv    | Entered an ice cave
 16217 | IceCv    | XOM: silly message
 16254 | IceCv    | Found a transporter.
 16465 | Lair:2   | XOM: 3-stop teleportation journey
 16493 | Lair:2   | XOM: blink monster(s)
 16770 | Lair:2   | Reached skill level 2 in Earth Magic
 16784 | Lair:2   | Reached skill level 2 in Armour
 17087 | Lair:2   | XOM: blink monster(s)
 17088 | Lair:2   | Reached skill level 11 in Long Blades
 17098 | Lair:2   | XOM: summons 7 hostile demons
 17101 | Lair:2   | XOM: divination: magic mapping
 17109 | Lair:2   | Reached skill level 8 in Hexes
 17115 | Lair:2   | XOM: enchant monster (good)
 17118 | Lair:2   | Reached skill level 3 in Earth Magic
 17420 | Lair:2   | XOM: 1-stop teleportation journey
 17640 | Lair:2   | Reached skill level 9 in Fighting
 17640 | Lair:2   | Reached skill level 3 in Armour
 17715 | Lair:2   | XOM: summons 1 hostile demon
 18292 | Lair:2   | XOM: torment (59/95 hp)
 18443 | Lair:2   | Reached skill level 4 in Earth Magic
 18445 | Lair:2   | Reached XP level 13. HP: 90/100 MP: 23/26
 18717 | Lair:3   | XOM: polymorph dream sheep -> glowing orange brain
 18797 | Lair:3   | XOM: enchant monster (bad)
 18810 | Lair:3   | XOM: enchant monster (bad)
 18813 | Lair:3   | Reached skill level 9 in Hexes
 18813 | Lair:3   | XOM: noise
 18824 | Lair:3   | XOM: 1-stop teleportation journey
 18852 | Lair:3   | XOM: silly message
 18855 | Lair:3   | XOM: chaos cloud
 18860 | Lair:3   | Paralysed by you for 2 turns
 18861 | Lair:3   | XOM: stat loss: -1 Str (12/13)
 18862 | Lair:3   | XOM: 1-stop teleportation journey
 19096 | Lair:2   | XOM: give mutations
 19096 | Lair:2   | Lost mutation: You evolve. [Xom's mischief]
 19096 | Lair:2   | Lost mutation: You passively map a small area around you.
                  | [Xom's mischief]
 19498 | Lair:3   | XOM: give mutation
 19498 | Lair:3   | Gained mutation: Your natural rate of healing is unusually
                  | fast. [Xom's mischief]
 19566 | Lair:3   | XOM: 5-stop teleportation journey
 19701 | Lair:4   | Reached skill level 4 in Armour
 19783 | Lair:4   | Found the +9 sword of Zonguldrok {reap}
 19783 | Lair:4   | XOM: 3-stop teleportation journey
 19859 | Lair:4   | Noticed Kirke
 19876 | Lair:4   | Reached skill level 12 in Long Blades
 19884 | Lair:4   | Killed Kirke
 19990 | Lair:4   | XOM: silly message
 19991 | Lair:4   | XOM: enchant monster (good)
 20143 | Lair:4   | Found a staircase to the Shoals.
 20185 | Lair:4   | Reached skill level 5 in Evocations
 20304 | Lair:4   | XOM: silly message
 20311 | Lair:4   | XOM: confusion
 20407 | Lair:4   | Found a hole to the Spider Nest.
 20441 | Lair:4   | XOM: give mutation
 20441 | Lair:4   | Gained mutation: Your magical capacity is very low. (-20%
                  | MP) [Xom's mischief]
 20549 | Lair:4   | XOM is BORED!
 21086 | Lair:5   | XOM: noise
 21179 | Lair:5   | XOM: cast spell 'Summon Butterflies'
 21193 | Lair:5   | Reached skill level 6 in Evocations
 21252 | Lair:5   | XOM: summons friendly ufetubus
 21490 | Lair:5   | Reached skill level 10 in Fighting
 21494 | Lair:5   | Reached skill level 13 in Long Blades
 21496 | Lair:5   | XOM: confuse monster(s)
 21497 | Lair:5   | XOM: confuse monster(s)
 21508 | Lair:5   | Reached XP level 14. HP: 61/110 MP: 18/24
 21529 | Lair:5   | XOM: cast spell 'Necromutation'
 21544 | Lair:4   | XOM: cast spell 'Alistair's Intoxication'
 21662 | Lair:4   | XOM: divine lightning
 21832 | Lair:5   | Found a staircase to the Slime Pits.
 21879 | Lair:5   | XOM: give mutations
 21879 | Lair:5   | Gained mutation: You are partially covered in slimy green
                  | scales. (AC +2) [Xom's grace]
 21879 | Lair:5   | Gained mutation: You are extremely robust. (+30% HP) [Xom's
                  | grace]
 22078 | Lair:5   | XOM: potion effect (stabbing)
 22157 | Lair:5   | Reached skill level 7 in Evocations
 22322 | Lair:6   | Entered Level 6 of the Lair of Beasts
 22394 | Lair:6   | XOM: polymorph hippogriff -> fire crab
 22737 | Lair:6   | XOM: fog
 22810 | Lair:6   | XOM: destruction
 22824 | Lair:5   | XOM: snakes to sticks
 22971 | Lair:6   | XOM: cleaving
 22972 | Lair:6   | XOM: cast spell 'Summon Dragon'
 22986 | Lair:6   | Reached skill level 14 in Long Blades
 22986 | Lair:6   | Reached skill level 8 in Evocations
 23516 | Lair:6   | XOM: give mutation
 23516 | Lair:6   | Lost mutation: Your magical capacity is very low. (-20% MP)
                  | [Xom's mischief]
 23524 | Lair:6   | XOM: noise
 23570 | Lair:6   | XOM: silly message
 23608 | Lair:6   | XOM: confusion
 23677 | Lair:6   | XOM: torment (74/118 hp)
 23977 | Lair:6   | Reached skill level 15 in Long Blades
 24123 | Lair:6   | Learned a level 1 spell: Summon Butterflies
 24221 | Lair:6   | XOM: torment (74/118 hp)
 24225 | Lair:6   | Reached skill level 5 in Earth Magic
 24356 | Lair:6   | XOM: give mutations
 24356 | Lair:6   | Lost mutation: Your natural rate of healing is unusually
                  | fast. [Xom's mischief]
 24356 | Lair:6   | Lost mutation: You occasionally shout uncontrollably at
                  | your foes. [Xom's mischief]
 24356 | Lair:6   | Lost mutation: Your mind is acute. (Int +2) [Xom's
                  | mischief]
 24361 | Lair:6   | Reached skill level 1 in Summonings
 24453 | Lair:6   | XOM: enchant monster (bad)
 25409 | Orc:1    | Entered Level 1 of the Orcish Mines
 25409 | Orc:1    | Noticed Erica
 25409 | Orc:1    | Noticed Fannar
 25416 | D:9      | XOM: cast spell 'Disjunction'
 25557 | D:9      | Reached skill level 2 in Summonings
 25559 | D:9      | XOM: enchant monster (good)
 25569 | D:8      | Killed Fannar
 25569 | D:8      | Reached XP level 15. HP: 100/124 MP: 28/28
 25608 | D:9      | XOM: scenery: create altars
 25658 | D:9      | XOM: summons friendly ufetubus
 25661 | D:9      | Killed Erica
 25674 | D:9      | XOM: summons 2 friendly demons
 25851 | D:9      | XOM: blink monster(s)
 26246 | Orc:1    | XOM: god gift: scroll of teleportation
 26490 | Orc:1    | Found a bloodstained altar of Trog.
 26582 | Orc:2    | Entered Level 2 of the Orcish Mines
 27122 | Orc:2    | Found a staircase to the Elven Halls.
 27307 | Orc:2    | XOM: polymorph orc warrior -> glowing shapeshifter
 27316 | Orc:2    | XOM: enchant monster (good)
 27378 | Orc:2    | Reached skill level 3 in Summonings
 27378 | Orc:2    | Reached skill level 6 in Earth Magic
 27676 | Orc:2    | XOM: noise
 27689 | Orc:2    | XOM: confuse monster(s)
 27852 | Orc:2    | Noticed Snorg
 27873 | Orc:2    | Killed Snorg
 27938 | Orc:2    | XOM: stat loss: -1 Int (18/19)
 28099 | Orc:2    | XOM: enchant monster (bad)
 28136 | Orc:2    | XOM: draining
 28266 | Orc:2    | Reached skill level 9 in Dodging
 28291 | Orc:2    | XOM: potion effect (haste)
 28406 | Orc:2    | XOM: 4-stop teleportation journey
 28720 | Orc:2    | XOM: scenery: create altars
 28727 | Orc:2    | Reached skill level 5 in Armour
 28746 | Orc:2    | XOM: give mutation
 28746 | Orc:2    | Gained mutation: Your system is resistant to poisons.
                  | (rPois) [Xom's grace]
 28748 | Orc:2    | XOM: divination: detect creatures
 28786 | Orc:2    | XOM: summons friendly quasit
 29031 | Orc:2    | Reached skill level 4 in Summonings
 29086 | Orc:2    | Found Maykk's Food Boutique.
 29089 | Orc:2    | Found Etuydaomp's Magic Scroll Boutique.
 29090 | Orc:2    | Found Reagei's General Store.
 29091 | Orc:2    | Found Raokoqef's Gadget Shop.
 29102 | Orc:2    | Bought a wand of iceblast (8) for 144 gold pieces
 29102 | Orc:2    | Bought a potion of haste for 120 gold pieces
 29102 | Orc:2    | Bought a potion of might for 48 gold pieces
 29105 | Orc:2    | Bought a wand of iceblast (9) for 169 gold pieces
 29105 | Orc:2    | Bought a wand of paralysis (8) for 130 gold pieces
 29233 | Orc:2    | Bought a scroll of fog for 26 gold pieces
 29233 | Orc:2    | Bought a scroll of teleportation for 39 gold pieces
 29454 | D:5      | Bought a tin of tremorstones (3/3) for 560 gold pieces
 29573 | D:9      | XOM: silly message
 29633 | D:11     | XOM: noise
 29655 | D:12     | XOM: 5-stop teleportation journey
 30098 | D:12     | XOM: scenery: 2 doors open
 30316 | D:13     | XOM: confusion (+ monsters)
 30464 | D:13     | XOM: summons friendly ufetubus
 30650 | D:13     | XOM: blink monster(s)
 30665 | D:13     | XOM: confuse monster(s)
 30756 | D:13     | XOM: give mutation
 30756 | D:13     | Gained mutation: Scrolls take you longer to read. [Xom's
                  | mischief]
 30861 | D:13     | Found Xamapp's Weapon Shoppe.
 30878 | D:13     | XOM: 10-stop teleportation journey
 31400 | D:14     | XOM: divination: detect creatures
 31402 | D:14     | Reached skill level 7 in Earth Magic
 31410 | D:14     | XOM: scenery: 1 doors open
 31598 | D:14     | XOM: cast spell 'Disjunction'
 31609 | D:14     | Noticed Rupert
 31620 | D:14     | Killed Rupert
 31658 | D:14     | Found a gate to the Vaults.
 31660 | D:14     | XOM: swap monsters
 31672 | D:14     | XOM: confuse monster(s)
 31673 | D:14     | Reached skill level 5 in Summonings
 31834 | D:14     | Reached skill level 16 in Long Blades
 32404 | D:14     | Found a sparkling altar of Nemelex Xobeh.
 32659 | D:15     | Entered Level 15 of the Dungeon
 32799 | D:15     | Reached XP level 16. HP: 133/133 MP: 29/29
 32835 | D:15     | Found a shadowy altar of Dithmenos.
 32882 | D:15     | Identified Roxanne's Compendium of the Mountains
 32882 | D:15     | Noticed Roxanne
 32934 | D:15     | Found a stormy altar of Qazlal.
 33001 | D:15     | Found a staircase to the Depths.
 33015 | D:15     | XOM: noise
 33021 | D:15     | Reached skill level 10 in Dodging
 33139 | D:15     | XOM: enchant monster (bad)
 33388 | D:15     | XOM: cast spell 'Summon Small Mammal'
 33402 | D:15     | XOM: swap monsters
 33574 | D:15     | Reached skill level 6 in Armour
 33582 | D:15     | XOM: 4-stop teleportation journey
 33592 | D:15     | XOM: 1-stop teleportation journey
 33888 | D:15     | XOM: god gift: 24 stones
 34359 | Lair:2   | XOM: scenery: 1 doors open
 34445 | Spider:1 | Entered Level 1 of the Spider Nest
 34811 | Lair:4   | XOM: summons 3 hostile demons
 34933 | Spider:1 | XOM: cast spell 'Summon Dragon'
 34948 | Spider:1 | XOM: 10-stop teleportation journey
 35301 | Spider:1 | XOM: noise
 35335 | Spider:1 | Reached skill level 8 in Earth Magic
 35653 | Spider:1 | Reached skill level 11 in Fighting
 35683 | Spider:1 | Noticed Frances
 35683 | Spider:1 | XOM: cast spell 'Chain of Chaos'
 35693 | Spider:1 | Killed Frances
 35786 | Spider:1 | XOM: enchant monster (good)
 35812 | Spider:1 | XOM: enchant monster (good)
 35822 | Spider:1 | XOM: noise
 35824 | Spider:1 | XOM: confuse monster(s)
 35890 | Spider:1 | XOM: 5-stop teleportation journey
 35903 | Spider:1 | XOM: divination: detect items
 35954 | Spider:1 | XOM: cast spell 'Cause Fear'
 36340 | Spider:1 | XOM: divination: detect creatures
 36841 | Spider:2 | Reached skill level 10 in Hexes
 37085 | Spider:2 | XOM: polymorph tarantella -> black mamba
 37095 | Spider:2 | XOM: polymorph black mamba -> komodo dragon
 37097 | Spider:2 | XOM: confuse monster(s)
 37325 | Spider:1 | XOM: noise
 37616 | Spider:2 | XOM: confuse monster(s)
 37713 | Spider:2 | XOM: summons 3 hostile shadow creatures
 37720 | Spider:2 | XOM: noise
 37901 | Spider:2 | XOM: 2-stop teleportation journey
 38023 | Spider:2 | Learned a level 5 spell: Summon Mana Viper
 38029 | Spider:2 | Learned a level 5 spell: Silence
 38034 | Spider:2 | Learned a level 4 spell: Summon Lightning Spire
 38040 | Spider:2 | Learned a level 5 spell: Irradiate
 38110 | Spider:2 | XOM: summons 1 hostile shadow creature
 38163 | Spider:2 | XOM: summons 4 hostile demons
 38297 | Spider:2 | Noticed Arachne
 38298 | Spider:2 | XOM: confuse monster(s)
 38318 | Spider:2 | XOM: confuse monster(s)
 38319 | Spider:2 | Noticed Arachne
 38319 | Spider:2 | Arachne changed into Arachne the entropy weaver
 38324 | Spider:2 | Killed Arachne the entropy weaver
 38474 | Spider:1 | XOM: give mutation
 38474 | Spider:1 | Lost mutation: Your magical capacity is low. (-10% MP)
                  | [Xom's mischief]
 38650 | Spider:1 | XOM: silly message
 39148 | Spider:3 | XOM: noise
 39163 | Spider:3 | Reached skill level 1 in Air Magic
 39169 | Spider:3 | XOM: silly message
 39286 | Spider:3 | Reached skill level 11 in Dodging
 39667 | Spider:3 | XOM: give mutations
 39667 | Spider:3 | Lost mutation: You are resistant to hostile enchantments.
                  | (MR+) [Xom's mischief]
 39667 | Spider:3 | Lost mutation: You are extremely robust. (+30% HP) [Xom's
                  | mischief]
 39667 | Spider:3 | Gained mutation: Your flesh is very cold resistant. (rC++)
                  | [Xom's mischief]
 39906 | Spider:3 | XOM: 1-stop teleportation journey
 40147 | Spider:3 | XOM: 4-stop teleportation journey
 40481 | Spider:3 | XOM: scenery: create altars
 40611 | Spider:3 | Noticed Nikola
 40618 | Spider:3 | Reached skill level 2 in Air Magic
 40627 | Spider:3 | Killed Nikola
 40627 | Spider:3 | Reached XP level 17. HP: 96/130 MP: 30/33
 40767 | Spider:4 | Entered Level 4 of the Spider Nest
 40774 | Spider:4 | XOM: summons 10 friendly demons
 40785 | Spider:4 | XOM: enchant monster (good)
 40804 | Spider:3 | XOM: god gift: plate armour {god gift}
 41009 | Spider:4 | XOM: confuse monster(s)
 41011 | Spider:4 | Reached skill level 7 in Armour
 41202 | Spider:4 | XOM: 8-stop teleportation journey
 41417 | Spider:4 | XOM: enchant monster (good)
 41488 | Spider:4 | XOM: summons 7 friendly demons
 41491 | Spider:4 | Reached skill level 6 in Summonings
 41505 | Spider:4 | Reached skill level 11 in Hexes
 41525 | Spider:4 | XOM: silly message
 41529 | Spider:4 | XOM: summons friendly quasit
 41553 | Spider:4 | Reached skill level 17 in Long Blades
 41859 | Spider:4 | Noticed Louise
 41896 | Spider:4 | XOM: 9-stop teleportation journey
 41900 | Spider:4 | XOM: summons 4 hostile demons
 41910 | Spider:4 | Paralysed by a hornet for 2 turns
 41921 | Spider:4 | XOM: enchant monster (good)
 41937 | Spider:3 | XOM: summons 3 hostile shadow creatures
 42120 | Spider:3 | XOM: give mutations
 42120 | Spider:3 | Lost mutation: Scrolls take you longer to read. [Xom's
                  | mischief]
 42120 | Spider:3 | Lost mutation: Your system is resistant to poisons. (rPois)
                  | [Xom's mischief]
 42120 | Spider:3 | Gained mutation: Your system is resistant to poisons.
                  | (rPois) [Xom's mischief]
 42297 | Spider:3 | XOM: torment (82/130 hp)
 42565 | Spider:3 | XOM: give mutation
 42565 | Spider:3 | Lost mutation: You are very robust. (+20% HP) [Xom's
                  | mischief]
 42575 | Spider:3 | Killed Louise
 42575 | Spider:3 | Reached skill level 3 in Air Magic
 42605 | Spider:3 | XOM: silly message
 42811 | Spider:4 | XOM: potion effect (magic)
 43005 | Spider:4 | XOM: god gift: 44 gold pieces
 43158 | Spider:4 | Lost mutation: Scrolls take you a little longer to read.
                  | [potion of mutation]
 43158 | Spider:4 | Lost mutation: You can translocate small distances at will.
                  | [potion of mutation]
 43158 | Spider:4 | Lost mutation: Your flesh is very cold resistant. (rC++)
                  | [potion of mutation]
 43158 | Spider:4 | Gained mutation: You are resistant to electric shocks.
                  | (rElec) [potion of mutation]
 43158 | Spider:4 | Gained mutation: You are dopey. (Int -2) [potion of
                  | mutation]
 43158 | Spider:4 | Gained mutation: You expend magic power (3 MP) to
                  | strengthen your wands. [potion of mutation]
 43234 | Spider:4 | XOM: swap monsters
 43236 | Spider:4 | XOM: blink monster(s)
 43264 | Spider:4 | XOM: confusion (+ monsters)
 43449 | Spider:3 | XOM: give mutation
 43449 | Spider:3 | Lost mutation: You are mostly covered in rugged brown
                  | scales. (AC +2, +5% HP) [Xom's mischief]
 43477 | Spider:3 | XOM: summons 2 hostile shadow creatures
 43999 | Spider:4 | XOM: polymorph emperor scorpion -> glowing shapeshifter
 44223 | Spider:4 | XOM: blink monster(s)
 45131 | Spider:4 | Got a gossamer rune of Zot
 45321 | Shoals:1 | Entered Level 1 of the Shoals
 45321 | Shoals:1 | Noticed Donald
 45329 | Shoals:1 | Killed Donald
 45333 | Shoals:1 | XOM: 2-stop teleportation journey
 45344 | Shoals:1 | Noticed a kraken
 45581 | Shoals:1 | XOM: give mutation
 45581 | Shoals:1 | Lost mutation: You are partially covered in slimy green
                  | scales. (AC +2) [Xom's mischief]
 45814 | Shoals:1 | XOM: 2-stop teleportation journey
 45902 | Shoals:1 | XOM: cast spell 'Summon Ice Beast'
 46037 | Shoals:1 | Reached skill level 7 in Summonings
 46148 | Shoals:1 | Reached skill level 4 in Air Magic
 46251 | Shoals:1 | XOM: stat loss: -1 Int (15/18)
 46268 | Shoals:1 | Identified the +8 hand crossbow "Goblinbane" {vorpal, rElec
                  | rC+ rN++ Str-4} (You found it on level 1 of the Shoals)
 46425 | Shoals:2 | XOM: polymorph merfolk -> shock serpent
 46455 | Shoals:2 | XOM: confuse monster(s)
 46584 | Shoals:2 | XOM: 1-stop teleportation journey
 46586 | Shoals:2 | XOM: polymorph merfolk aquamancer -> emperor scorpion
 46776 | Shoals:1 | XOM: give mutations
 46776 | Shoals:1 | Lost mutation: You are robust. (+10% HP) [Xom's mischief]
 46776 | Shoals:1 | Gained mutation: You are clumsy. (Dex -2) [Xom's mischief]
 46776 | Shoals:1 | Lost mutation: Your system is resistant to poisons. (rPois)
                  | [Xom's mischief]
 47226 | Shoals:1 | XOM: give mutations
 47226 | Shoals:1 | Gained mutation: Your flesh is very cold resistant. (rC++)
                  | [Xom's grace]
 47226 | Shoals:1 | Lost mutation: You are clumsy. (Dex -2) [Xom's grace]
 47226 | Shoals:1 | Gained mutation: Your flesh is almost immune to the effects
                  | of cold. (rC+++) [Xom's grace]
 47226 | Shoals:1 | Gained mutation: You can translocate small distances at
                  | will. [Xom's grace]
 48140 | Shoals:2 | Reached skill level 12 in Dodging
 48245 | Shoals:2 | XOM: polymorph emperor scorpion -> azure jelly
 48326 | Shoals:2 | XOM: give mutations
 48326 | Shoals:2 | Gained mutation: You have sharp toenails. [Xom's grace]
 48326 | Shoals:2 | Gained mutation: You are partially covered in molten
                  | scales. (AC +2) [Xom's grace]
 48374 | Shoals:2 | XOM: enchant monster (good)
 48381 | Shoals:2 | XOM: confusion (+ monsters)
 48386 | Shoals:2 | XOM: 2-stop teleportation journey
 48391 | Shoals:2 | XOM: 2-stop teleportation journey
 48650 | Shoals:2 | XOM: summons 3 hostile shadow creatures
 48703 | Shoals:3 | XOM: give mutation
 48703 | Shoals:3 | Lost mutation: You can translocate small distances at will.
                  | [Xom's mischief]
 48896 | Shoals:3 | XOM: 1-stop teleportation journey
 48901 | Shoals:3 | XOM: confusion
 48925 | Shoals:3 | XOM: polymorph faun -> slime creature
 48931 | Shoals:3 | Found Ranithih's Weapon Emporium.
 48993 | Shoals:3 | XOM: polymorph juvenile oxweird beast -> wind drake
 49239 | Shoals:3 | XOM: give mutations
 49239 | Shoals:3 | Gained mutation: You possess an exceptional clarity of
                  | mind. [Xom's mischief]
 49239 | Shoals:3 | Lost mutation: Your flesh is almost immune to the effects
                  | of cold. (rC+++) [Xom's mischief]
 49239 | Shoals:3 | Lost mutation: You are dopey. (Int -2) [Xom's mischief]
 49835 | Shoals:2 | Reached skill level 12 in Hexes
 49971 | Shoals:2 | Reached XP level 18. HP: 111/115 MP: 34/34
 50173 | Shoals:2 | XOM: give mutations
 50173 | Shoals:2 | Lost mutation: You have sharp toenails. [Xom's mischief]
 50173 | Shoals:2 | Gained mutation: You are clumsy. (Dex -2) [Xom's mischief]
 50468 | Shoals:2 | XOM: 4-stop teleportation journey
 50604 | Shoals:3 | XOM is BORED!
 50604 | Shoals:3 | XOM: 1-stop teleportation journey
 50625 | Shoals:3 | XOM: confuse monster(s)
 51085 | Shoals:3 | Reached skill level 8 in Armour
 51508 | Shoals:4 | Entered Level 4 of the Shoals
 51882 | Lair:3   | XOM: summons 1 hostile demon
 52066 | Elf:1    | Entered Level 1 of the Elven Halls
 52100 | Elf:1    | Reached skill level 5 in Air Magic
 52297 | Elf:1    | Found a portal to a secret trove of treasure.
 52297 | Elf:1    | XOM: 5-stop teleportation journey
 52381 | Elf:1    | XOM: chaos upgrade
 52691 | Elf:1    | XOM: summons friendly crimson imp
 52700 | Elf:1    | Reached skill level 8 in Summonings
 52705 | Elf:1    | Reached skill level 12 in Fighting
 52715 | Elf:1    | XOM: give mutations
 52715 | Elf:1    | Gained mutation: You are mostly covered in molten scales.
                  | (AC +3) [Xom's grace]
 52715 | Elf:1    | Gained mutation: Your spells are a little harder to cast,
                  | but a little more powerful. [Xom's grace]
 52715 | Elf:1    | Gained mutation: You can translocate small distances at
                  | will. [Xom's grace]
 52715 | Elf:1    | Gained mutation: You evolve. [Xom's grace]
 53084 | Elf:1    | XOM: give mutations
 53084 | Elf:1    | Lost mutation: You are clumsy. (Dex -2) [Xom's mischief]
 53084 | Elf:1    | Gained mutation: Armour fits poorly on your strangely
                  | shaped body. [Xom's mischief]
 53084 | Elf:1    | Lost mutation: Your spells are a little harder to cast, but
                  | a little more powerful. [Xom's mischief]
 53166 | Elf:1    | XOM: stat loss: -1 Dex (13/14)
 53520 | Elf:2    | XOM: 3-stop teleportation journey
 53534 | Elf:2    | Found a huge runed translucent gate.
 53534 | Elf:2    | Found a huge runed translucent gate.
 53534 | Elf:2    | Found a huge runed translucent gate.
 53534 | Elf:2    | Found a huge runed translucent gate.
 53535 | Elf:2    | Found a huge runed translucent gate.
 53544 | Elf:2    | XOM: 1-stop teleportation journey
 53545 | Elf:2    | XOM: destruction
 53550 | Elf:2    | Lost mutation: You evolve. [evolution]
 54069 | Elf:2    | XOM: give mutations
 54069 | Elf:2    | Gained mutation: Scrolls take you a little longer to read.
                  | [Xom's mischief]
 54069 | Elf:2    | Gained mutation: Scrolls take you longer to read. [Xom's
                  | mischief]
 54069 | Elf:2    | Lost mutation: Your flesh is very cold resistant. (rC++)
                  | [Xom's mischief]
 54069 | Elf:2    | Lost mutation: Your flesh is cold resistant. (rC+) [Xom's
                  | mischief]
 54260 | Elf:2    | Found the +15 Maxwell's patent armour {-Cast -Tele rElec
                  | MR+ rCorr}
 55136 | Shoals:4 | Reached skill level 6 in Air Magic
 55434 | Shoals:4 | XOM: enchant monster (bad)
 55455 | Shoals:4 | XOM: silly message
 55579 | Shoals:4 | XOM: noise
 55760 | Shoals:3 | XOM: give mutation
 55760 | Shoals:3 | Lost mutation: You expend magic power (3 MP) to strengthen
                  | your wands. [Xom's mischief]
 56212 | Shoals:4 | XOM: summons 10 hostile demons
 56213 | Shoals:4 | Reached skill level 13 in Hexes
 56224 | Shoals:3 | Lost mutation: You possess an exceptional clarity of mind.
                  | [potion of mutation]
 56224 | Shoals:3 | Lost mutation: You are resistant to electric shocks.
                  | (rElec) [potion of mutation]
 56224 | Shoals:3 | Lost mutation: You can translocate small distances at will.
                  | [potion of mutation]
 56224 | Shoals:3 | Lost mutation: You are mostly covered in molten scales. (AC
                  | +3) [potion of mutation]
 56224 | Shoals:3 | Lost mutation: You are partially covered in molten scales.
                  | (AC +2) [potion of mutation]
 56224 | Shoals:3 | Gained mutation: You have large cloven feet. [potion of
                  | mutation]
 56225 | Shoals:3 | Lost mutation: Armour fits poorly on your strangely shaped
                  | body. [potion of mutation]
 56225 | Shoals:3 | Lost mutation: Scrolls take you longer to read. [potion of
                  | mutation]
 56225 | Shoals:3 | Lost mutation: You have a pair of small antennae on your
                  | head. [potion of mutation]
 56225 | Shoals:3 | Gained mutation: Your natural rate of healing is unusually
                  | fast. [potion of mutation]
 56225 | Shoals:3 | Lost mutation: Your natural rate of healing is unusually
                  | fast. [potion of mutation]
 56225 | Shoals:3 | Gained mutation: Your mind is acute. (Int +2) [potion of
                  | mutation]
 56225 | Shoals:3 | Gained mutation: You are robust. (+10% HP) [potion of
                  | mutation]
 56226 | Shoals:3 | Lost mutation: Scrolls take you a little longer to read.
                  | [potion of mutation]
 56226 | Shoals:3 | Lost mutation: You have large cloven feet. [potion of
                  | mutation]
 56226 | Shoals:3 | Lost mutation: Your mind is acute. (Int +2) [potion of
                  | mutation]
 56226 | Shoals:3 | Lost mutation: You are robust. (+10% HP) [potion of
                  | mutation]
 56226 | Shoals:3 | Gained mutation: You possess an exceptional clarity of
                  | mind. [potion of mutation]
 56226 | Shoals:3 | Gained mutation: You are somewhat resistant to further
                  | mutation. [potion of mutation]
 56443 | Shoals:4 | Identified the +11 lajatang "Xamnann" {pain, rPois Dex+5}
 56487 | Shoals:4 | XOM: 2-stop teleportation journey
 56567 | Shoals:4 | XOM: noise
 56976 | Shoals:4 | XOM: noise
 56983 | Shoals:4 | Identified the +3 trident "Sueskosu" {vamp, *Drain rF+
                  | Str+3 Int+3}
 57170 | Shoals:4 | Reached skill level 18 in Long Blades
 57177 | Shoals:4 | Reached skill level 9 in Summonings
 57345 | Shoals:3 | XOM is BORED!
 57345 | Shoals:3 | XOM: silly message
 57383 | Shoals:4 | XOM: silly message
 57397 | Shoals:4 | Identified a scroll of acquirement
 57433 | Shoals:4 | XOM: silly message
 57503 | Shoals:3 | XOM: divination: detect items
 57509 | Shoals:3 | Got the +2 pair of boots "Nidaolab" {*Contam Str+3 Dex+8}
 57671 | Shoals:3 | XOM: silly message
 58425 | Shoals:3 | XOM: divination: detect items
 58854 | Shoals:4 | XOM: 2-stop teleportation journey
 59161 | Shoals:4 | XOM: divination: magic mapping
 59353 | Shoals:3 | XOM: 1-stop teleportation journey
 59479 | Shoals:4 | Reached skill level 7 in Air Magic
 59523 | Shoals:4 | XOM: chaos cloud
 59605 | Shoals:4 | Reached skill level 13 in Dodging
 59726 | Shoals:4 | XOM: 3-stop teleportation journey
 59794 | Shoals:4 | Got a barnacled rune of Zot
 59799 | Shoals:4 | XOM: noise
 60006 | Shoals:4 | XOM: silly message
 60171 | Shoals:4 | XOM is BORED!
 60227 | Shoals:4 | Identified the +0 pair of boots of Vouxim {+Fly rElec rC+
                  | Slay+3} (You found it on level 4 of the Shoals)
 60233 | Shoals:4 | Reached XP level 19. HP: 119/119 MP: 35/35
 60466 | Vaults:1 | Entered Level 1 of the Vaults
 60598 | Vaults:1 | XOM: summons friendly quasit
 60916 | Vaults:1 | XOM: chaos upgrade
 60921 | Vaults:1 | XOM: summons 4 friendly demons
 60923 | Vaults:1 | XOM: summons 1 friendly demon
 60934 | Vaults:1 | XOM: summons 4 hostile demons
 61229 | Vaults:1 | XOM: noise
 61236 | Vaults:1 | Reached skill level 10 in Summonings
 61238 | Vaults:1 | XOM: summons friendly white imp
 61254 | Vaults:1 | XOM: divination: detect creatures
 61263 | Vaults:1 | XOM: confuse monster(s)
 61267 | Vaults:1 | XOM: silly message
 61268 | Vaults:1 | Reached skill level 14 in Hexes
 61344 | Vaults:1 | Reached skill level 8 in Air Magic
 61614 | Vaults:1 | XOM: cloud trail
 61675 | Vaults:1 | XOM: confuse monster(s)
 61695 | Vaults:1 | XOM: 1-stop teleportation journey
 61725 | Vaults:1 | XOM: 1-stop teleportation journey
 61742 | Vaults:1 | XOM: divination: detect creatures
 61843 | Vaults:1 | XOM: silly message
 61844 | Vaults:1 | XOM: potion effect (curing)
 61848 | Vaults:1 | XOM: silly message
 61866 | Vaults:1 | Found Duwuricku's Weapon Shop.
 61943 | Vaults:1 | XOM: god gift: 17 gold pieces
 62090 | Vaults:1 | XOM: cloud trail
 62114 | Vaults:1 | XOM: god gift: 25 gold pieces
 62170 | Vaults:1 | XOM: noise
 62188 | Vaults:1 | XOM: divination: detect creatures
 62671 | Vaults:1 | XOM: divination: detect items
 63043 | Vaults:1 | XOM: cloud trail
 63214 | Vaults:2 | XOM: potion effect (stabbing)
 63222 | Vaults:2 | Reached skill level 14 in Dodging
 63263 | Vaults:2 | XOM: potion effect (curing)
 63801 | Vaults:2 | XOM: summons friendly white imp
 63822 | Vaults:2 | XOM: cast spell 'Ring of Flames'
 63824 | Vaults:2 | XOM: noise
 64279 | Vaults:2 | XOM: silly message
 64282 | Vaults:2 | Reached skill level 13 in Fighting
 64426 | Vaults:2 | Found a staircase to the Crypt.
 64426 | Vaults:2 | XOM: 4-stop teleportation journey
 64508 | Vaults:2 | XOM: silly message
 64623 | Vaults:2 | XOM: silly message
 64840 | Vaults:2 | XOM: noise
 65013 | Vaults:2 | XOM: 5-stop teleportation journey
 65069 | Vaults:2 | XOM: polymorph wizard -> faun
 65465 | Vaults:2 | XOM: silly message
 65642 | Vaults:2 | Reached XP level 20. HP: 108/128 MP: 36/36
 65929 | Vaults:2 | XOM: summons 3 hostile demons
 65995 | Vaults:2 | XOM: chaos cloud
 66026 | Vaults:2 | Reached skill level 19 in Long Blades
 66044 | Vaults:2 | XOM: polymorph sphinx -> iron giant
 66062 | Vaults:2 | XOM: summons 7 hostile demons
 66070 | Vaults:2 | XOM: noise
 66309 | Vaults:1 | XOM: noise
 66823 | Vaults:2 | XOM: silly message
 66829 | Vaults:2 | XOM: divination: detect creatures
 66888 | Vaults:2 | XOM: noise
 67238 | Vaults:2 | XOM: cloud trail
 67397 | Vaults:3 | XOM: enchant monster (good)
 68088 | Vaults:3 | XOM: enchant monster (bad)
 68215 | Vaults:3 | Found Giom's Distillery.
 68222 | Vaults:3 | Bought a potion of berserk rage for 70 gold pieces
 68222 | Vaults:3 | Bought a potion of ambrosia for 112 gold pieces
 68222 | Vaults:3 | Bought a potion of curing for 42 gold pieces
 68222 | Vaults:3 | Bought a potion of ambrosia for 112 gold pieces
 68222 | Vaults:3 | Bought a potion of magic for 112 gold pieces
 68222 | Vaults:3 | Bought a potion of berserk rage for 70 gold pieces
 68245 | Vaults:3 | Reached skill level 14 in Fighting
 68413 | Vaults:3 | XOM: fog
 68784 | Vaults:3 | Learned a level 3 spell: Spectral Weapon
 68937 | Vaults:3 | XOM: divine lightning
 69069 | Vaults:3 | XOM: 6-stop teleportation journey
 69231 | Vaults:3 | XOM: summons 5 friendly demons
 69264 | Vaults:2 | XOM: summons 8 hostile demons
 69308 | Vaults:2 | XOM: give mutations
 69308 | Vaults:2 | Gained mutation: You are occasionally teleported next to
                  | monsters. [Xom's mischief]
 69308 | Vaults:2 | Gained mutation: You are dopey. (Int -2) [Xom's mischief]
 69308 | Vaults:2 | Gained mutation: Armour fits poorly on your strangely
                  | shaped body. [Xom's mischief]
 69308 | Vaults:2 | Lost mutation: You are partially covered in rugged brown
                  | scales. (AC +1, +3% HP) [Xom's mischief]
 69604 | Vaults:2 | XOM: give mutations
 69604 | Vaults:2 | Gained mutation: You are partially covered in large bone
                  | plates. (SH +4) [Xom's mischief]
 69604 | Vaults:2 | Lost mutation: You are dopey. (Int -2) [Xom's mischief]
 69604 | Vaults:2 | Gained mutation: Scrolls take you a little longer to read.
                  | [Xom's mischief]
 69604 | Vaults:2 | Lost mutation: Scrolls take you a little longer to read.
                  | [Xom's mischief]
 69672 | Vaults:2 | Lost mutation: You possess an exceptional clarity of mind.
                  | [potion of mutation]
 69672 | Vaults:2 | Gained mutation: Your muscles are strong. (Str +2) [potion
                  | of mutation]
 69673 | Vaults:2 | Lost mutation: You are occasionally teleported next to
                  | monsters. [potion of mutation]
 69673 | Vaults:2 | Lost mutation: Armour fits poorly on your strangely shaped
                  | body. [potion of mutation]
 69673 | Vaults:2 | Lost mutation: Your muscles are strong. (Str +2) [potion of
                  | mutation]
 69673 | Vaults:2 | Gained mutation: Your system is resistant to poisons.
                  | (rPois) [potion of mutation]
 69776 | Vaults:3 | XOM: give mutations
 69776 | Vaults:3 | Gained mutation: You are clumsy. (Dex -2) [Xom's mischief]
 69776 | Vaults:3 | Gained mutation: You are frail. (-10% HP) [Xom's mischief]
 69776 | Vaults:3 | Gained mutation: You are occasionally teleported next to
                  | monsters. [Xom's mischief]
 69776 | Vaults:3 | Gained mutation: You have supernaturally acute eyesight.
                  | (SInv) [Xom's mischief]
 69777 | Vaults:3 | Lost mutation: You are clumsy. (Dex -2) [potion of
                  | mutation]
 69777 | Vaults:3 | Lost mutation: Your system is resistant to poisons. (rPois)
                  | [potion of mutation]
 69777 | Vaults:3 | Lost mutation: You are somewhat resistant to further
                  | mutation. [potion of mutation]
 69777 | Vaults:3 | Lost mutation: You are frail. (-10% HP) [potion of
                  | mutation]
 69777 | Vaults:3 | Gained mutation: You are agile. (Dex +2) [potion of
                  | mutation]
 69777 | Vaults:3 | Gained mutation: Your system is resistant to poisons.
                  | (rPois) [potion of mutation]
 70059 | Vaults:3 | XOM: enchant monster (good)
 70063 | Vaults:3 | XOM: silly message
 70750 | Vaults:4 | XOM: polymorph deep elf archer -> death drake
 70893 | Vaults:3 | XOM: summons 5 hostile demons
 71128 | Vaults:4 | XOM: noise
 71162 | Vaults:4 | XOM: cloud trail
 71717 | Vaults:4 | XOM: 1-stop teleportation journey
 71726 | Vaults:4 | XOM: divination: detect creatures
 71744 | Vaults:4 | XOM: noise
 71826 | Vaults:3 | XOM: give mutations
 71826 | Vaults:3 | Gained mutation: You possess an exceptional clarity of
                  | mind. [Xom's grace]
 71826 | Vaults:3 | Gained mutation: You are resistant to hostile enchantments.
                  | (MR+) [Xom's grace]
 71826 | Vaults:3 | Gained mutation: You are highly resistant to hostile
                  | enchantments. (MR++) [Xom's grace]
 71826 | Vaults:3 | Gained mutation: You have an increased reservoir of magic.
                  | (+10% MP) [Xom's grace]
 71885 | Vaults:4 | XOM: polymorph deep elf archer -> death drake
 71997 | Vaults:4 | XOM: 1-stop teleportation journey
 72001 | Vaults:4 | XOM: scenery: 1 doors close
 72039 | Vaults:4 | XOM: potion effect (berserk rage)
 72040 | Vaults:4 | Reached skill level 9 in Armour
 72061 | Vaults:4 | XOM: enchant monster (good)
 72520 | Vaults:4 | XOM: scenery: 1 doors close
 72540 | Vaults:4 | XOM: enchant monster (good)
 72670 | Vaults:4 | Found Yfeile's Antique Armour Shop.
 72680 | Vaults:4 | Bought a polished helmet for 256 gold pieces
 72680 | Vaults:4 | Bought a polished plate armour for 756 gold pieces
 72680 | Vaults:4 | Identified the cursed +0 helmet "Qehoo" {rElec rN+ Dex+4}
                  | (You bought it in a shop on level 4 of the Vaults)
 72687 | Vaults:4 | Identified the +0 plate armour "Qevvap" {rElec rF- MR+++
                  | Slay+4} (You bought it in a shop on level 4 of the Vaults)
 72916 | Vaults:4 | XOM is BORED!
 72916 | Vaults:4 | XOM: give mutations
 72916 | Vaults:4 | Lost mutation: You possess an exceptional clarity of mind.
                  | [Xom's mischief]
 72916 | Vaults:4 | Lost mutation: You have an increased reservoir of magic.
                  | (+10% MP) [Xom's mischief]
 73038 | Vaults:4 | XOM: enchant monster (good)
 73053 | Vaults:4 | Reached XP level 21. HP: 60/132 MP: 20/37
 73335 | Vaults:4 | XOM: cloud trail
 73348 | Vaults:4 | XOM: summons 9 hostile demons
 73357 | Vaults:4 | XOM: polymorph iron imp -> quasit
 73691 | Elf:3    | Entered Level 3 of the Elven Halls
 73867 | Elf:3    | Found an ancient bone altar of Kikubaaqudgha.
 74291 | Elf:3    | Reached skill level 20 in Long Blades
 74329 | Elf:3    | XOM: summons friendly white imp
 74469 | Elf:3    | XOM: fog
 74498 | Elf:3    | XOM: cleaving
 74506 | Elf:3    | Identified the amulet of the Howling Fool {RegenMP Dex+8
                  | Slay+6 Stlth-}
 74509 | Elf:3    | Killed from afar by a deep elf sorcerer

Illustrated notes

Levels and vault maps discovered:
D:1:      evilmike_arrival_crescent, layout_loops_cross
D:2:      layout_loops_cross, uniq_robin
D:3:      layout_basic, gammafunk_temple_overflow_forgotten,
          minmay_gold_behind_fungi
D:4:      layout_basic, first_ration
D:5:      layout_gridville, minmay_temple_entry_mist,
          gammafunk_ghost_nasty_kobolds, serial_shops, nicolae_shop_trees,
          uniq_edmund
D:6:      layout_cave_pools, old_standard_altar
D:7:      layout_gridville, eat_drink_and_be_merry_uskayaw, uniq_pikel,
          uniq_joseph
D:8:      layout_layer_cave, basic_altar, uniq_prince_ribbit1
D:9:      minmay_the_grid_3x3 [minmay_the_grid_zigzag_pyramid,
          minmay_the_grid_aliased_spiral, minmay_the_grid_tree,
          minmay_the_grid_doors, minmay_the_grid_spikes, minmay_the_grid_expand,
          minmay_the_grid_minigrid_large, minmay_the_grid_plusring,
          minmay_the_grid_prize_trominoes], layout_cave_pods,
          lemuel_coloured_pillars_altar, minmay_liquid_box
D:10:     layout_stronghold, serial_shops, shop
D:11:     layout_cave_pools, lair_entry_dummy, grunt_pizzeria,
          nemelex_diamond_rough_becter, uniq_maurice
D:12:     layout_basic
D:13:     kennysheep_spiral_hall, layout_basic, serial_shops, shop
D:14:     layout_loops_corners, david_vaults_3,
          nemelex_xobeh_ov_fountains_minmay
D:15:     gammafunk_depths_entry_grave, layout_basic, lemuel_round_altar,
          grunt_dithmenos_smoke_and_mirrors, uniq_roxanne
Lair:1:   layout_loops_ring, minivault_25
Lair:2:   hangedman_what_comes_after_a, layout_chaotic_city,
          portal_ice_cave_entry_imps, grunt_megastairs_5
Lair:3:   layout_big_grid, grunt_megastairs_3
Lair:4:   cheibrodos_magma_flow, layout_gridlike, minmay_shoals_entry_beasts,
          nicolae_spider_entry_tight_spaces, uniq_kirke
Lair:5:   layout_loops_ring, slime_dummy, beast_lair_carwin_3,
          grunt_megastairs_2, lemuel_fruit_tree
Lair:6:   hangedman_lair_tendril_chambers, layout_gridlike,
          hangedman_lair_caniforms_friends, minmay_stone_trees_small,
          st_stairs_8, chequers_serial_rivers_large_b, minivault_19,
          hangedman_lair_unloving_vines, minmay_hedge_maze
Shoals:1: layout_shoals, uniq_donald
Shoals:2: layout_shoals, nicolae_shoals_stone_sculpture_thing, st_sunken_huts
Shoals:3: layout_shoals, serial_shops,
          nicolae_shop_temple_entry_statues_fountains
Shoals:4: shoals_end_simple, layout_shoals
Spider:1: layout_spider_delve, uniq_frances
Spider:2: layout_spider_delve, uniq_arachne
Spider:3: layout_spider_delve, nicolae_spider_webs_and_nodes, uniq_nikola
Spider:4: grunt_spider_rune_circles, uniq_louise
Orc:1:    layout_caves, statue_in_the_mist_lemuel, trog_hazing_becter,
          uniq_erica, uniq_fannar
Orc:2:    st_orc_pillars, layout_diamond_mine, mines5_lemuel, uniq_snorg
Elf:1:    kennysheep_blocky_hall, layout_onion_city, enter_trove_0,
          kennysheep_underground_church
Elf:2:    layout_gridlike, minmay_misc_feat_ornament, minmay_misc_feat_five,
          corexii_leaking_fountain, kilobyte_mutagenic_chamber
Elf:3:    nooodl_elf_gasket, layout_loops_corners, basic_altar
Vaults:1: hangedman_vaults_snaps, grunt_vaults_trifunnel, v_misc_5, v_misc_5,
          vaults_room_pools, vaults_standard_mumra_x,
          vaults_room_grunt_arrival_ludios, vaults_room_pool, vaults_dpeg_hooks,
          layout_vaults_quadrants, serial_shops, shop
Vaults:2: nicolae_vaults_know_your_exits, hangedman_vaults_pinch,
          nicolae_vaults_network_s, grunt_vaults_twisty,
          minmay_crypt_entry_simple_walls, nicolae_vaults_diagonal_hallway_6,
          hangedman_vaults_capsules, vaults_room_grid,
          hangedman_vaults_stitches, nicolae_vaults_twisting_passages,
          layout_vaults_big_room
Vaults:3: st_smaller_cells, nicolae_vaults_theta,
          hangedman_vaults_stretched_pinwheel, v_rooms_5, vaults_mumra_hex,
          hangedman_vaults_slice, vaults_dpeg_ring,
          ontoclasm_vaults_decontamination, vaults_room_grid,
          nicolae_vaults_network_periphery, serial_ice_b,
          layout_vaults_big_cross, serial_shops, nicolae_shop_stone
Vaults:4: vaults_room_door_ring, v_misc_5, v_misc_17, vaults_mumra_chevron_long,
          nicolae_vaults_three_branches, v_misc_11,
          nicolae_vaults_yaktaur_gun_rack, v_misc_12, st_squares,
          hangedman_vaults_slice, v_misc_25, layout_vaults_maze_snakey,
          serial_shops, nicolae_shop_overgrown_old_shop

Skill      XL: |  1  2  3  4  5  6  7  8  9 10 11 12 13 14 15 16 17 18 19 20 21 |
---------------+----------------------------------------------------------------+-----
Stealth        | 2 3 4 |  4.0
Long Blades    | 3 4 5 7 10 11 13 15 16 17 18 19 20 | 20.0
Fighting       | 3 4 5 6 8 9 10 11 12 13 14 | 14.9
Evocations     | 1 2 3 4 6 8 |  8.0
Dodging        | 3 4 6 8 9 11 12 13 14 | 14.0
Spellcasting   | 2 4 6 8 10 | 10.0
Bows           | 2 4 6 7 |  7.1
Hexes          | 4 7 8 9 10 12 13 14 | 14.0
Armour         | 3 4 5 6 7 8 9 |  9.6
Earth Magic    | 4 5 7 8 |  8.6
Summonings     | 2 5 7 9 10 | 10.0
Air Magic      | 2 4 7 8 |  8.0

Action                   |  1- 3 |  4- 6 |  7- 9 | 10-12 | 13-15 | 16-18 | 19-21 || total
-------------------------+-------+-------+-------+-------+-------+-------+-------++-------
Melee: Falchion          |    41 |       |    18 |     2 |       |       |       ||    61
       Short sword       |   101 |   337 |       |       |       |       |       ||   438
       Headbutt          |       |     1 |       |       |       |       |       ||     1
       Dagger            |       |       |   194 |   168 |       |       |       ||   362
       Triple sword      |       |       |       |   453 |  1299 |  1646 |  1225 ||  4623
 Fire: Shortbow          |       |       |   104 |    70 |       |       |       ||   174
Throw: Dart              |       |    34 |    34 |    42 |    37 |    12 |     1 ||   160
 Cast: Slow              |       |       |       |    14 |    53 |   147 |     9 ||   223
       Corona            |       |       |       |     3 |       |     2 |       ||     5
       Leda's Liquefacti |       |       |       |       |     1 |    40 |    10 ||    51
       Summon Mana Viper |       |       |       |       |       |    17 |     8 ||    25
       Silence           |       |       |       |       |       |    12 |    41 ||    53
       Cause Fear        |       |       |       |       |       |     3 |       ||     3
       Summon Lightning  |       |       |       |       |       |       |     5 ||     5
       Spectral Weapon   |       |       |       |       |       |       |     6 ||     6
 Abil: Evoke Flight      |       |       |       |       |       |     2 |       ||     2
Evoke: Lightning rod     |       |     6 |    10 |     5 |    15 |    10 |     3 ||    49
       Wand              |       |       |     7 |    28 |    43 |    45 |     6 ||   129
       Tin of tremorston |       |       |       |       |     1 |    12 |     9 ||    22
       Box of beasts     |       |       |       |       |       |     4 |     1 ||     5
       Phial of floods   |       |       |       |       |       |       |     1 ||     1
  Use: Scroll            |     4 |     8 |     7 |    15 |    15 |    44 |    11 ||   104
       Potion            |       |       |       |     3 |     7 |    30 |     6 ||    46
 Stab: Sleeping          |     8 |     6 |     2 |     1 |     5 |     6 |     1 ||    29
       Paralysed         |     3 |       |       |       |       |    15 |     2 ||    20
       Invisible         |       |     2 |       |       |       |     3 |       ||     5
       Confused          |       |       |       |     5 |     4 |     2 |     2 ||    13
       Petrified         |       |       |       |     6 |       |       |     2 ||     8
       Petrifying        |       |       |       |     2 |       |       |     1 ||     3
       Distracted        |       |       |       |       |     2 |     5 |     6 ||    13
  Eat: Chunk             |     1 |    10 |     7 |    18 |    27 |    49 |    32 ||   144
       Ration            |       |     1 |     2 |     4 |     7 |    15 |     8 ||    37
Armor: Leather armour    |    55 |   124 |    69 |       |       |       |       ||   248
       Scale mail        |       |       |       |   489 |     3 |       |       ||   492
       Chain mail        |       |       |       |       |  1212 |  1030 |       ||  2242
       Fire dragon scale |       |       |       |       |       |   528 |   541 ||  1069
Dodge: Dodged            |    92 |   202 |   160 |   588 |   767 |  1455 |   930 ||  4194
Block: Other             |       |       |       |       |       |       |    67 ||    67
       Rpst.: Falchion   |    14 |       |     1 |       |       |       |       ||    15
       Triple sword      |       |       |       |   141 |   200 |   258 |   196 ||   795
